Wolves vs Stars

Created - Friday, February 26, 2016 at 01:24

Goals
1 2 3 OT1 SO T
Wolves 0 1 1 0 2 3
Stars 0 0 2 0 1 2
Shots
1 2 3 OT1 SO T
Wolves 11 12 9 0 4 32
Stars 9 7 6 5 4 27

1st period

No Goal

Penalties :
Brandon Kozun (TEX) for Holding (Minor) at 10:37, Brad Malone (TEX) for Hooking (Minor) at 17:00

2nd period

1. Wolves , Gus Young 2 (Zach Miskovic, Chris Brown) at 16:13

Penalties :
Zach Sill (TEX) for Fighting (Major) at 1:53, Gus Young (CHI) for Fighting (Major) at 1:53, John Albert (TEX) for Holding (Minor) at 8:54, Alexandre Grenier (TEX) for Cross-checking (Minor) at 13:44

3rd period

2. Stars , Justin Shugg 2 (Brandon Kozun) at 3:14
3. Stars , Brandon Kozun 19 (Derrick Pouliot, John Albert) at 17:43 (PP)
4. Wolves , Joe Vitale 13 (Andre Benoit) at 19:59

Penalties :
Zac Dalpe (TEX) for Hooking (Minor) at 0:07, Joe Piskula (CHI) for Delaying the game (Minor) at 6:30, Cameron Gaunce (TEX) for Hooking (Minor) at 14:58, Blair Jones (CHI) for Roughing (Minor) at 17:21

Overtime #1

No Goal

Penalties :
No Penalty

Shootout

Penalty Shot by Joe Vitale for Wolves - Goal!
Penalty Shot by John Albert for Stars - Stopped by Jared Coreau
Penalty Shot by Joakim Nordstrom for Wolves - Stopped by Jeff Malcolm
Penalty Shot by Brad Malone for Stars - Goal!
Penalty Shot by Blair Jones for Wolves - Stopped by Jeff Malcolm
Penalty Shot by Zach Sill for Stars - Stopped by Jared Coreau
Penalty Shot by Colton Sissons for Wolves - Goal!
Penalty Shot by Zac Dalpe for Stars - Stopped by Jared Coreau

Penalties :
No Penalty

Goalie Stats

Jared Coreau (CHI), 25 saves from 27 shots - (0.926), W, 13-5-4, 64:42 minutes
Jeff Malcolm (TEX), 30 saves from 32 shots - (0.938), OTL, 5-6-7, 65:00 minutes

Players Stats for Wolves

Player Name              G  A  P  +/- PIM S  H  SB GA TA FO     MP     PP MP  PK MP  
------------------------------------------------------------------------------------
Andre Benoit             0  1  1   0  0   3  2  1  2  1  0/0    27:56   7:16   1:31 
Blair Jones              0  0  0   1  2   1  3  1  2  0  0/0    19:51   6:08   0:31 
Brian O'Neill            0  0  0   0  0   2  1  0  0  1  0/0    17:40   5:46   0:00 
Chris Brown              0  1  1   1  0   1  4  1  1  0  6/10   13:07   0:00   0:00 
Colton Sissons           0  0  0   0  0   2  1  0  1  0  3/8    18:09   5:46   0:00 
Evan Rankin              0  0  0   1  0   3  0  0  1  0  0/0    13:05   0:00   0:00 
Gus Young                1  0  1   1  5   1  2  0  1  1  0/0    12:09   0:00   0:00 
Joakim Nordstrom         0  0  0   1  0   0  0  0  1  0  0/0    22:28   6:08   1:50 
Joe Piskula              0  0  0   0  2   2  0  4  0  2  0/0    23:59   4:38   0:22 
Joe Vitale               1  0  1   1  0   4  1  0  8  1  14/22  22:28   6:08   1:50 
Joe Whitney              0  0  0   0  0   3  0  0  2  0  0/0    17:40   5:46   0:00 
Josh Anderson            0  0  0  -1  0   2  2  0  4  0  0/0    10:05   0:00   0:00 
Kevin Gagne              0  0  0   0  0   0  2  4  1  2  0/0    23:58   4:38   0:50 
Kevin Lynch              0  0  0  -1  0   2  3  0  0  0  1/4    10:05   0:00   0:00 
Matt Donovan             0  0  0   0  0   5  4  0  1  3  0/0    27:56   7:16   1:31 
Scott Kosmachuk          0  0  0  -1  0   0  3  0  2  0  2/2    11:18   0:00   0:31 
Sebastian Wannstrom      0  0  0   1  0   0  0  0  0  1  0/0    11:42   0:00   0:00 
Zach Miskovic            0  1  1   1  0   1  2  0  0  1  0/0    14:00   0:00   0:28 

Players Stats for Stars

Player Name              G  A  P  +/- PIM S  H  SB GA TA FO     MP     PP MP  PK MP  
------------------------------------------------------------------------------------
Alexandre Grenier        0  0  0  -1  2   0  3  0  0  0  0/0    15:18   1:36   0:00 
Brad Malone              0  0  0  -1  2   6  3  0  4  1  0/0    22:19   0:45   5:01 
Brandon Kozun            1  1  2   1  2   4  1  0  9  1  3/10   17:46   1:36   0:00 
Brent Sopel              0  0  0  -2  0   0  1  0  0  1  0/0    21:21   0:00   5:21 
Bruno Gervais            0  0  0   0  0   2  2  1  0  0  0/0    30:58   0:46   6:48 
Cameron Gaunce           0  0  0  -1  2   2  4  0  1  2  0/0    28:49   1:13   5:06 
Derrick Pouliot          0  1  1   0  0   0  0  0  1  0  0/0     3:47   0:22   0:00 
Jason Williams           0  0  0  -1  0   1  0  0  1  0  4/4    14:27   0:00   4:51 
John Albert              0  1  1   0  2   1  0  1  0  0  2/4    20:43   1:59   0:00 
Jonathan Diaby           0  0  0   0  0   0  0  0  0  0  0/0     0:00   0:00   0:00 
Justin Shugg             1  0  1   0  0   1  3  2  1  0  1/1    21:01   0:00   3:06 
Miikka Salomaki          0  0  0   0  0   0  0  0  0  0  0/0     0:00   0:00   0:00 
Nick Jones               0  0  0   1  0   1  0  1  0  2  0/0    23:42   1:08   0:00 
Nicolas Blanchard        0  0  0   0  0   0  0  0  0  0  0/0     2:56   0:00   0:09 
Paul Thompson            0  0  0   0  0   0  0  0  1  0  5/10   18:37   0:00   3:01 
Steven Delisle           0  0  0   0  0   1  3  0  1  1  0/0    21:30   1:13   6:33 
Zac Dalpe                0  0  0  -1  2   3  2  2  2  2  0/4    21:44   0:45   2:38 
Zach Sill                0  0  0   0  5   5  3  0  2  3  5/13   23:01   0:22   5:02 

3 Stars

1 - Justin Shugg (TEX)
2 - Brandon Kozun (TEX)
3 - Joe Vitale (CHI)

Power Play

Wolves - 0 on 6 Attempt(s) - 0.00%
Stars - 1 on 2 Attempt(s) - 50.00%

Penalty Kill

Wolves - 1 on 2 Attempt(s) - 50.00% - Score 0 goal in Penalty Kill
Stars - 6 on 6 Attempt(s) - 100.00% - Score 0 goal in Penalty Kill

Team Stat

Wolves - Hits : 30 - Faceoff Wins : 26 - Blocked Shots : 11 - Penalty Minutes : 9
Stars - Hits : 25 - Faceoff Wins : 20 - Blocked Shots : 7 - Penalty Minutes : 17

Official

Referees : Unknown
Linesman : Unknown

Game Notes

Gus Young beats up Zach Sill at 1:53 of 2nd period

Finance

Level 1 -- Attendance: 1533 (76.65%) -- Ticket Income $53,655
Level 2 -- Attendance: 811 (81.10%) -- Ticket Income $12,165
Total Attendance: 2344 (78.13%)
Total Ticket Income: $65,820
Other Income: $32,252
Total Income: $98,072

Wolves

5 vs 5 Forward 
   Center                   Left Wing                Right Wing               Time % Phy DF OF 
 1 Joe Vitale               Joakim Nordstrom         Blair Jones              35     1   2  2  
 2 Colton Sissons           Joe Whitney              Brian O'Neill            30     1   2  2  
 3 Chris Brown              Sebastian Wannstrom      Evan Rankin              22     1   2  2  
 4 Kevin Lynch              Josh Anderson            Scott Kosmachuk          13     1   2  2  

5 vs 5 Defense 
   Defense                  Defense                                           Time % Phy DF OF 
 1 Andre Benoit             Matt Donovan                                      35     1   2  2  
 2 Joe Piskula              Kevin Gagne                                       30     1   2  2  
 3 Gus Young                Zach Miskovic                                     22     1   2  2  
 4 Andre Benoit             Matt Donovan                                      13     1   2  2  

PowerPlay Forward 
   Center                   Left Wing                Right Wing               Time % Phy DF OF 
 1 Joe Vitale               Joakim Nordstrom         Blair Jones              60     1   2  2  
 2 Colton Sissons           Joe Whitney              Brian O'Neill            40     1   2  2  

PowerPlay Defense
   Defense                  Defense                                           Time % Phy DF OF 
 1 Andre Benoit             Matt Donovan                                      60     1   2  2  
 2 Joe Piskula              Kevin Gagne                                       40     1   2  2  

Penalty Kill 4 Players Forward 
   Center                   Wing                     Time % Phy DF OF 
 1 Joe Vitale               Joakim Nordstrom         60     1   2  2  
 2 Blair Jones              Colton Sissons           40     1   2  2  

Penalty Kill 4 Players Defense
   Defense                  Defense                  Time % Phy DF OF 
 1 Andre Benoit             Matt Donovan             60     1   2  2  
 2 Joe Piskula              Kevin Gagne              40     1   2  2  

Penalty Kill - 3 Players Forward 
   Forward                                           Time % Phy DF OF 
 1 Joe Vitale                                        60     1   2  2  
 2 Joakim Nordstrom                                  40     1   2  2  

Penalty Kill - 3 Players Defense
   Defense                  Defense                  Time % Phy DF OF 
 1 Andre Benoit             Matt Donovan             60     1   2  2  
 2 Joe Piskula              Kevin Gagne              40     1   2  2  

4 vs 4 Forward 
   Center                   Wing                     Time % Phy DF OF 
 1 Joe Vitale               Joakim Nordstrom         60     1   2  2  
 2 Blair Jones              Colton Sissons           40     1   2  2  

4 vs 4 Defense
   Defense                  Defense                  Time % Phy DF OF 
 1 Andre Benoit             Matt Donovan             60     1   2  2  
 2 Joe Piskula              Kevin Gagne              40     1   2  2  

Last Minutes Offensive
   Center                   Left Wing                Right Wing               Defense                  Defense                  
   Joe Vitale               Joakim Nordstrom         Blair Jones              Andre Benoit             Matt Donovan             

Last Minutes Defensive
   Center                   Left Wing                Right Wing               Defense                  Defense                  
   Joe Vitale               Joakim Nordstrom         Blair Jones              Andre Benoit             Matt Donovan             

Goaltenders
Starting : Jared Coreau             
Backup : Evgeni Nabokov           

Extra Forwards
Normal : Chris Brown, Evan Rankin, Scott Kosmachuk - PP : Chris Brown, Evan Rankin - PK : Scott Kosmachuk
Extra Defensemen
Normal : Gus Young, Zach Miskovic, Joe Piskula - PP : Gus Young - PK : Zach Miskovic, Joe Piskula
Penalty Shots
Joe Vitale, Joakim Nordstrom, Blair Jones, Colton Sissons, Brian O'Neill

Stars

5 vs 5 Forward 
   Center                   Left Wing                Right Wing               Time % Phy DF OF 
 1 Zach Sill                Brad Malone              Zac Dalpe                35     1   2  2  
 2 Brandon Kozun            John Albert              Justin Shugg             30     1   2  2  
 3 Paul Thompson            Alexandre Grenier        Zach Sill                22     1   2  2  
 4 Jason Williams           Brad Malone              Zach Sill                13     1   2  2  

5 vs 5 Defense 
   Defense                  Defense                                           Time % Phy DF OF 
 1 Nick Jones               Bruno Gervais                                     35     1   2  2  
 2 Cameron Gaunce           Steven Delisle                                    30     1   2  2  
 3 Bruno Gervais            Nick Jones                                        22     1   2  2  
 4 Brent Sopel              Cameron Gaunce                                    13     1   2  2  

PowerPlay Forward 
   Center                   Left Wing                Right Wing               Time % Phy DF OF 
 1 Zach Sill                Brad Malone              Zac Dalpe                60     1   2  2  
 2 Brandon Kozun            John Albert              Alexandre Grenier        40     1   2  2  

PowerPlay Defense
   Defense                  Defense                                           Time % Phy DF OF 
 1 Nick Jones               Bruno Gervais                                     60     1   2  2  
 2 Steven Delisle           Cameron Gaunce                                    40     1   2  2  

Penalty Kill 4 Players Forward 
   Center                   Wing                     Time % Phy DF OF 
 1 Zach Sill                Brad Malone              60     1   2  2  
 2 Zac Dalpe                Paul Thompson            40     1   2  2  

Penalty Kill 4 Players Defense
   Defense                  Defense                  Time % Phy DF OF 
 1 Brent Sopel              Bruno Gervais            60     1   2  2  
 2 Cameron Gaunce           Steven Delisle           40     1   2  2  

Penalty Kill - 3 Players Forward 
   Forward                                           Time % Phy DF OF 
 1 Brad Malone                                       60     1   2  2  
 2 Zach Sill                                         40     1   2  2  

Penalty Kill - 3 Players Defense
   Defense                  Defense                  Time % Phy DF OF 
 1 Steven Delisle           Cameron Gaunce           60     1   2  2  
 2 Nick Jones               Bruno Gervais            40     1   2  2  

4 vs 4 Forward 
   Center                   Wing                     Time % Phy DF OF 
 1 Zach Sill                Zac Dalpe                60     1   2  2  
 2 Justin Shugg             Brad Malone              40     1   2  2  

4 vs 4 Defense
   Defense                  Defense                  Time % Phy DF OF 
 1 Bruno Gervais            Cameron Gaunce           60     1   2  2  
 2 Brent Sopel              Nick Jones               40     1   2  2  

Last Minutes Offensive
   Center                   Left Wing                Right Wing               Defense                  Defense                  
   Zach Sill                Brad Malone              Zac Dalpe                Cameron Gaunce           Bruno Gervais            

Last Minutes Defensive
   Center                   Left Wing                Right Wing               Defense                  Defense                  
   Zach Sill                Brad Malone              Zac Dalpe                Cameron Gaunce           Bruno Gervais            

Goaltenders
Starting : Jeff Malcolm             
Backup : FARM GOALIE21            

Extra Forwards
Normal : Zac Dalpe, Brad Malone, Zach Sill - PP : Zac Dalpe, Brandon Kozun - PK : Jason Williams
Extra Defensemen
Normal : Bruno Gervais, Brent Sopel, Cameron Gaunce - PP : Bruno Gervais - PK : Cameron Gaunce, Bruno Gervais
Penalty Shots
John Albert, Brad Malone, Zach Sill, Zac Dalpe, Brandon Kozun

% Time on Ice - Wolves

Lines # - Real PCT - Wanted PCT - Time Play
Normal Forward
1 - 25% - 35% - 11:05
2 - 27% - 30% - 11:54
3 - 26% - 22% - 11:42
4 - 23% - 13% - 10:05
Normal Defense
1 - 30% - 35% - 13:37
2 - 35% - 30% - 15:51
3 - 29% - 22% - 13:06
4 - 5% - 13% - 2:12
PP Forward
1 - 52% - 60% - 6:08
2 - 48% - 40% - 5:46
PP Defense
1 - 61% - 60% - 7:16
2 - 39% - 40% - 4:38
PK Forward
1 - 100% - 60% - 2:21
2 - 0% - 40% - 0:00
PK Defense
1 - 65% - 60% - 1:31
2 - 35% - 40% - 0:50
PK3 Forward
1 - 0% - 60%
2 - 0% - 40%
PK3 Defense
1 - 0% - 60%
2 - 0% - 40%
44 Forward
1 - 90% - 60% - 4:31
2 - 10% - 40% - 0:29
44 Defense
1 - 58% - 60% - 2:54
2 - 42% - 40% - 2:06
Last Minute Offensive  - 0:59
Last Minute Defensive  - 0:00
Total
Forward - 65:00
Defense - 65:00

% Time on Ice - Stars

Lines # - Real PCT - Wanted PCT - Time Play
Normal Forward
1 - 20% - 35% - 9:04
2 - 36% - 30% - 16:08
3 - 28% - 22% - 12:34
4 - 16% - 13% - 7:06
Normal Defense
1 - 33% - 35% - 14:53
2 - 32% - 30% - 14:13
3 - 16% - 22% - 7:01
4 - 20% - 13% - 8:45
PP Forward
1 - 32% - 60% - 0:45
2 - 68% - 40% - 1:36
PP Defense
1 - 48% - 60% - 1:08
2 - 52% - 40% - 1:13
PK Forward
1 - 75% - 60% - 8:53
2 - 25% - 40% - 3:01
PK Defense
1 - 45% - 60% - 5:21
2 - 55% - 40% - 6:33
PK3 Forward
1 - 0% - 60%
2 - 0% - 40%
PK3 Defense
1 - 0% - 60%
2 - 0% - 40%
44 Forward
1 - 100% - 60% - 5:00
2 - 0% - 40% - 0:00
44 Defense
1 - 61% - 60% - 3:02
2 - 39% - 40% - 1:58
Last Minute Offensive  - 0:00
Last Minute Defensive  - 0:53
Total
Forward - 65:00
Defense - 65:00

Play by Play

1st period


0:01 of 1st period - Joe Vitale wins face-off versus Zach Sill in neutral zone.
0:28 of 1st period - Backhand shot by Zac Dalpe.
0:28 of 1st period - Stopped by Jared Coreau with a rebound.
0:35 of 1st period - Snap shot by Zach Sill.
0:35 of 1st period - Stopped by Jared Coreau with a rebound.
1:16 of 1st period - Wrist shot by Justin Shugg.
1:16 of 1st period - Shot Blocked by Joe Piskula.
1:18 of 1st period - Slapshot by Steven Delisle.
1:18 of 1st period - Stopped by Jared Coreau with a rebound.
1:46 of 1st period - Alexandre Grenier is hit by Chris Brown and loses puck.
1:59 of 1st period - Alexandre Grenier is hit by Zach Miskovic and loses puck.
2:14 of 1st period - Josh Anderson is hit by Cameron Gaunce and loses puck.
2:47 of 1st period - Justin Shugg is hit by Scott Kosmachuk and loses puck.
3:00 of 1st period - Snap shot by Joe Vitale.
3:00 of 1st period - Shot Misses the Net.
3:02 of 1st period - Wrist shot by Joe Vitale.
3:02 of 1st period - Shot Misses the Net.
3:04 of 1st period - Snap shot by Joe Vitale.
3:04 of 1st period - Stopped by Jeff Malcolm with a rebound.
3:06 of 1st period - Wrist shot by Matt Donovan.
3:06 of 1st period - Stopped by Jeff Malcolm without a rebound.
3:07 of 1st period - Joe Vitale wins face-off versus Paul Thompson in Stars zone.
3:42 of 1st period - Andre Benoit is hit by Brent Sopel and loses puck.
4:23 of 1st period - Zac Dalpe is hit by Chris Brown and loses puck.
4:34 of 1st period - Slapshot by Chris Brown.
4:34 of 1st period - Shot Blocked by Bruno Gervais.
4:36 of 1st period - Snap shot by Joe Piskula.
4:36 of 1st period - Stopped by Jeff Malcolm with a rebound.
4:46 of 1st period - Snap shot by Evan Rankin.
4:46 of 1st period - Stopped by Jeff Malcolm with a rebound.
5:08 of 1st period - Kevin Gagne is hit by Brad Malone and loses puck.
5:25 of 1st period - Brad Malone is hit by Kevin Lynch and loses puck.
6:32 of 1st period - Backhand shot by Colton Sissons.
6:32 of 1st period - Stopped by Jeff Malcolm with a rebound.
7:14 of 1st period - Snap shot by Evan Rankin.
7:14 of 1st period - Stopped by Jeff Malcolm with a rebound.
7:25 of 1st period - Brandon Kozun is hit by Zach Miskovic and loses puck.
8:32 of 1st period - Brent Sopel is hit by Scott Kosmachuk and loses puck.
9:05 of 1st period - Off-side.
9:06 of 1st period - Chris Brown wins face-off versus Paul Thompson in neutral zone.
9:33 of 1st period - Nicolas Blanchard is hit by Andre Benoit and loses puck.
9:44 of 1st period - Snap shot by Joe Vitale.
9:44 of 1st period - Stopped by Jeff Malcolm without a rebound.
9:45 of 1st period - Justin Shugg wins face-off versus Joe Vitale in Stars zone.
9:45 of 1st period - Justin Shugg is hit by Gus Young.
10:12 of 1st period - Wrist shot by Joe Vitale.
10:12 of 1st period - Stopped by Jeff Malcolm with a rebound.
10:28 of 1st period - Slapshot by Matt Donovan.
10:28 of 1st period - Shot Blocked by John Albert.
10:37 of 1st period - Minor Penalty to Brandon Kozun for Holding.
10:38 of 1st period - Zach Sill wins face-off versus Colton Sissons in Stars zone.
10:45 of 1st period - Slapshot by Zach Sill.
10:45 of 1st period - Stopped by Jared Coreau with a rebound.
11:03 of 1st period - Brent Sopel is hit by Brian O'Neill and loses puck.
11:08 of 1st period - Backhand shot by Joe Whitney.
11:08 of 1st period - Stopped by Jeff Malcolm with a rebound.
11:41 of 1st period - Jason Williams is hit by Joe Vitale and loses puck.
12:21 of 1st period - Off-side.
12:22 of 1st period - Joe Vitale wins face-off versus Zac Dalpe in neutral zone.
12:37 of 1st period - Penalty to Brandon Kozun is over, Brandon Kozun is back on ice.
12:41 of 1st period - Brian O'Neill is hit by Zac Dalpe and loses puck.
13:20 of 1st period - Slapshot by Chris Brown.
13:20 of 1st period - Stopped by Jeff Malcolm without a rebound.
13:21 of 1st period - Paul Thompson wins face-off versus Chris Brown in Stars zone.
14:14 of 1st period - Steven Delisle is hit by Josh Anderson and loses puck.
14:23 of 1st period - Wrist shot by Zach Sill.
14:23 of 1st period - Stopped by Jared Coreau with a rebound.
14:25 of 1st period - Snap shot by Paul Thompson.
14:25 of 1st period - Shot Misses the Net.
14:27 of 1st period - Slapshot by Steven Delisle.
14:27 of 1st period - Shot Misses the Net.
14:54 of 1st period - Wrist shot by Blair Jones.
14:54 of 1st period - Stopped by Jeff Malcolm without a rebound.
14:55 of 1st period - Jason Williams wins face-off versus Joe Vitale in Stars zone.
15:25 of 1st period - Zac Dalpe is hit by Andre Benoit and loses puck.
15:44 of 1st period - Nick Jones is hit by Matt Donovan and loses puck.
16:03 of 1st period - Snap shot by John Albert.
16:03 of 1st period - Stopped by Jared Coreau with a rebound.
16:24 of 1st period - Nick Jones is hit by Kevin Gagne.
16:30 of 1st period - Wrist shot by Brad Malone.
16:30 of 1st period - Deflect By Joe Piskula.
16:30 of 1st period - Stopped by Jared Coreau with a rebound.
16:32 of 1st period - Snap shot by Jason Williams.
16:32 of 1st period - Stopped by Jared Coreau without a rebound.
16:33 of 1st period - Jason Williams wins face-off versus Colton Sissons in Wolves zone.
17:00 of 1st period - Minor Penalty to Brad Malone for Hooking.
17:01 of 1st period - Jason Williams wins face-off versus Joe Vitale in Stars zone.
18:07 of 1st period - Slapshot by Matt Donovan.
18:07 of 1st period - Shot Misses the Net.
19:00 of 1st period - Penalty to Brad Malone is over, Brad Malone is back on ice.
19:20 of 1st period - Zach Sill is hit by Josh Anderson and loses puck.
19:29 of 1st period - Alexandre Grenier is hit by Kevin Lynch and loses puck.
19:49 of 1st period - Snap shot by Brandon Kozun.
19:49 of 1st period - Stopped by Jared Coreau without a rebound.
19:50 of 1st period - Chris Brown wins face-off versus Brandon Kozun in Wolves zone.
Goals for this period are 0 for Wolves vs 0 for Stars.
Shots for this period are 11 for Wolves vs 9 for Stars.

2nd period


0:01 of 2nd period - Joe Vitale wins face-off versus Zach Sill in neutral zone.
0:24 of 2nd period - Bruno Gervais is hit by Blair Jones and loses puck.
0:39 of 2nd period - Andre Benoit is hit by Brad Malone and loses puck.
0:52 of 2nd period - Andre Benoit is hit by Bruno Gervais and loses puck.
1:09 of 2nd period - Snap shot by Joe Whitney.
1:09 of 2nd period - Stopped by Jeff Malcolm with a rebound.
1:11 of 2nd period - Slapshot by Brian O'Neill.
1:11 of 2nd period - Stopped by Jeff Malcolm without a rebound.
1:12 of 2nd period - Paul Thompson wins face-off versus Chris Brown in Stars zone.
1:23 of 2nd period - Wrist shot by Zach Sill.
1:23 of 2nd period - Shot Misses the Net.
1:25 of 2nd period - Wrist shot by Zach Sill.
1:25 of 2nd period - Shot Misses the Net.
1:27 of 2nd period - Snap shot by Zach Sill.
1:27 of 2nd period - Stopped by Jared Coreau without a rebound.
1:28 of 2nd period - Chris Brown wins face-off versus Paul Thompson in Wolves zone.
1:53 of 2nd period - Gus Young beats up Zach Sill.
1:53 of 2nd period - Penalty to Zach Sill for Fighting.
1:53 of 2nd period - Penalty to Gus Young for Fighting.
1:54 of 2nd period - Joe Vitale wins face-off versus Brandon Kozun in Stars zone.
2:50 of 2nd period - Steven Delisle is hit by Matt Donovan and loses puck.
3:30 of 2nd period - Icing by Cameron Gaunce.
3:31 of 2nd period - Paul Thompson wins face-off versus Chris Brown in Stars zone.
3:52 of 2nd period - Snap shot by Chris Brown.
3:52 of 2nd period - Deflect By Evan Rankin.
3:52 of 2nd period - Shot Blocked by Zac Dalpe.
3:52 of 2nd period - Puck is out of play.
3:53 of 2nd period - Jason Williams wins face-off versus Joe Vitale in Stars zone.
4:06 of 2nd period - Wrist shot by Brandon Kozun.
4:06 of 2nd period - Shot Blocked by Blair Jones.
4:08 of 2nd period - Slapshot by Nick Jones.
4:08 of 2nd period - Stopped by Jared Coreau with a rebound.
4:24 of 2nd period - Snap shot by Brad Malone.
4:24 of 2nd period - Deflect By Jason Williams.
4:24 of 2nd period - Shot Misses the Net.
4:24 of 2nd period - Puck is out of play.
4:25 of 2nd period - Scott Kosmachuk wins face-off versus Paul Thompson in Wolves zone.
4:43 of 2nd period - Snap shot by Josh Anderson.
4:43 of 2nd period - Stopped by Jeff Malcolm with a rebound.
4:58 of 2nd period - Off-side.
4:59 of 2nd period - Colton Sissons wins face-off versus Brandon Kozun in neutral zone.
5:35 of 2nd period - Off-side.
5:36 of 2nd period - Paul Thompson wins face-off versus Joe Vitale in neutral zone.
5:43 of 2nd period - Backhand shot by Zac Dalpe.
5:43 of 2nd period - Stopped by Jared Coreau with a rebound.
6:37 of 2nd period - Nick Jones is hit by Chris Brown and loses puck.
7:10 of 2nd period - Slapshot by Brandon Kozun.
7:10 of 2nd period - Shot Blocked by Kevin Gagne.
7:12 of 2nd period - Snap shot by Bruno Gervais.
7:12 of 2nd period - Deflect By Scott Kosmachuk.
7:12 of 2nd period - Stopped by Jared Coreau with a rebound.
7:14 of 2nd period - Snap shot by John Albert.
7:14 of 2nd period - Shot Blocked by Joe Piskula.
8:54 of 2nd period - Minor Penalty to John Albert for Holding.
8:55 of 2nd period - Joe Vitale wins face-off versus Zach Sill in Stars zone.
9:16 of 2nd period - Slapshot by Andre Benoit.
9:16 of 2nd period - Shot Misses the Net.
9:30 of 2nd period - Brad Malone is hit by Blair Jones and loses puck.
9:43 of 2nd period - Colton Sissons is hit by Brad Malone and loses puck.
10:17 of 2nd period - Jason Williams is hit by Matt Donovan and loses puck.
10:38 of 2nd period - Kevin Gagne is hit by Steven Delisle and loses puck.
10:54 of 2nd period - Penalty to John Albert is over, John Albert is back on ice.
11:21 of 2nd period - Joe Piskula is hit by Justin Shugg and loses puck.
11:43 of 2nd period - Snap shot by Zach Sill.
11:43 of 2nd period - Stopped by Jared Coreau with a rebound.
11:45 of 2nd period - Wrist shot by Zac Dalpe.
11:45 of 2nd period - Shot Misses the Net.
11:47 of 2nd period - Snap shot by Steven Delisle.
11:47 of 2nd period - Deflect By Zac Dalpe.
11:47 of 2nd period - Shot Misses the Net.
11:47 of 2nd period - Puck is out of play.
11:48 of 2nd period - Chris Brown wins face-off versus Zach Sill in Wolves zone.
12:17 of 2nd period - Wrist shot by Brandon Kozun.
12:17 of 2nd period - Stopped by Jared Coreau with a rebound.
12:19 of 2nd period - Slapshot by Bruno Gervais.
12:19 of 2nd period - Stopped by Jared Coreau with a rebound.
12:33 of 2nd period - Zach Sill is hit by Gus Young and loses puck.
12:49 of 2nd period - Icing by Kevin Lynch.
12:50 of 2nd period - Brandon Kozun wins face-off versus Kevin Lynch in Wolves zone.
12:58 of 2nd period - Icing by Gus Young.
12:59 of 2nd period - Brandon Kozun wins face-off versus Kevin Lynch in Wolves zone.
13:44 of 2nd period - Minor Penalty to Alexandre Grenier for Cross-checking.
13:45 of 2nd period - Joe Vitale wins face-off versus Zach Sill in Stars zone.
14:35 of 2nd period - Slapshot by Andre Benoit.
14:35 of 2nd period - Stopped by Jeff Malcolm with a rebound.
14:37 of 2nd period - Wrist shot by Joe Whitney.
14:37 of 2nd period - Shot Misses the Net.
14:39 of 2nd period - Snap shot by Joe Whitney.
14:39 of 2nd period - Stopped by Jeff Malcolm without a rebound.
14:40 of 2nd period - Colton Sissons wins face-off versus Zac Dalpe in Stars zone.
15:16 of 2nd period - Matt Donovan is hit by Cameron Gaunce and loses puck.
15:29 of 2nd period - Snap shot by Brad Malone.
15:29 of 2nd period - Shot Misses the Net.
15:44 of 2nd period - Penalty to Alexandre Grenier is over, Alexandre Grenier is back on ice.
16:09 of 2nd period - Snap shot by Chris Brown.
16:09 of 2nd period - Shot Blocked by Justin Shugg.
16:11 of 2nd period - Slapshot by Zach Miskovic.
16:11 of 2nd period - Stopped by Jeff Malcolm with a rebound.
16:13 of 2nd period - Wrist shot by Gus Young.
16:13 of 2nd period - Goal by Gus Young - Wolves : 1 - Stars : 0.
16:14 of 2nd period - Scott Kosmachuk wins face-off versus Brandon Kozun in neutral zone.
16:19 of 2nd period - Slapshot by Joe Piskula.
16:19 of 2nd period - Deflect By Justin Shugg.
16:19 of 2nd period - Stopped by Jeff Malcolm with a rebound.
16:21 of 2nd period - Wrist shot by Kevin Lynch.
16:21 of 2nd period - Stopped by Jeff Malcolm with a rebound.
16:39 of 2nd period - Wrist shot by Josh Anderson.
16:39 of 2nd period - Stopped by Jeff Malcolm with a rebound.
16:41 of 2nd period - Wrist shot by Kevin Lynch.
16:41 of 2nd period - Stopped by Jeff Malcolm without a rebound.
16:42 of 2nd period - Paul Thompson wins face-off versus Colton Sissons in Stars zone.
17:05 of 2nd period - Andre Benoit is hit by Bruno Gervais.
17:29 of 2nd period - Blair Jones is hit by Justin Shugg and loses puck.
17:46 of 2nd period - Wrist shot by Joe Vitale.
17:46 of 2nd period - Shot Misses the Net.
17:51 of 2nd period - Off-side.
17:52 of 2nd period - Chris Brown wins face-off versus Zac Dalpe in neutral zone.
18:03 of 2nd period - Chris Brown is hit by Zac Dalpe and loses puck.
18:16 of 2nd period - Snap shot by Chris Brown.
18:16 of 2nd period - Shot Misses the Net.
18:28 of 2nd period - Slapshot by Chris Brown.
18:28 of 2nd period - Shot Blocked by Justin Shugg.
19:02 of 2nd period - Slapshot by Andre Benoit.
19:02 of 2nd period - Deflect By Justin Shugg.
19:02 of 2nd period - Stopped by Jeff Malcolm with a rebound.
Goals for this period are 1 for Wolves vs 0 for Stars.
Shots for this period are 12 for Wolves vs 7 for Stars.

3rd period


0:01 of 3rd period - Joe Vitale wins face-off versus Zac Dalpe in neutral zone.
0:07 of 3rd period - Minor Penalty to Zac Dalpe for Hooking.
0:08 of 3rd period - Zach Sill wins face-off versus Joe Vitale in Stars zone.
1:16 of 3rd period - Cameron Gaunce is hit by Colton Sissons and loses puck.
2:07 of 3rd period - Penalty to Zac Dalpe is over, Zac Dalpe is back on ice.
2:42 of 3rd period - Snap shot by Evan Rankin.
2:42 of 3rd period - Shot Misses the Net.
2:50 of 3rd period - Zac Dalpe is hit by Chris Brown.
3:04 of 3rd period - Matt Donovan is hit by Steven Delisle.
3:12 of 3rd period - Slapshot by Brandon Kozun.
3:12 of 3rd period - Shot Blocked by Andre Benoit.
3:14 of 3rd period - Snap shot by Justin Shugg.
3:14 of 3rd period - Goal by Justin Shugg - Wolves : 1 - Stars : 1.
3:15 of 3rd period - Joe Vitale wins face-off versus Brandon Kozun in neutral zone.
3:25 of 3rd period - Wrist shot by Brandon Kozun.
3:25 of 3rd period - Stopped by Jared Coreau with a rebound.
3:45 of 3rd period - Wrist shot by Joe Vitale.
3:45 of 3rd period - Shot Misses the Net.
4:13 of 3rd period - Slapshot by Matt Donovan.
4:13 of 3rd period - Shot Blocked by Nick Jones.
5:13 of 3rd period - Wrist shot by Alexandre Grenier.
5:13 of 3rd period - Deflect By Zac Dalpe.
5:13 of 3rd period - Shot Misses the Net.
5:13 of 3rd period - Puck is out of play.
5:14 of 3rd period - Kevin Lynch wins face-off versus Paul Thompson in Wolves zone.
5:47 of 3rd period - Gus Young is hit by Alexandre Grenier and loses puck.
6:14 of 3rd period - Wrist shot by Joakim Nordstrom.
6:14 of 3rd period - Shot Misses the Net.
6:30 of 3rd period - Minor Penalty to Joe Piskula for Delaying the game.
6:31 of 3rd period - Joe Vitale wins face-off versus Brandon Kozun in Wolves zone.
6:41 of 3rd period - Matt Donovan is hit by Steven Delisle and loses puck.
6:54 of 3rd period - Joe Vitale is hit by Alexandre Grenier and loses puck.
7:39 of 3rd period - Matt Donovan is hit by Cameron Gaunce and loses puck.
8:01 of 3rd period - Wrist shot by Brad Malone.
8:01 of 3rd period - Stopped by Jared Coreau without a rebound.
8:02 of 3rd period - John Albert wins face-off versus Joe Vitale in Wolves zone.
8:23 of 3rd period - Joakim Nordstrom is hit by Alexandre Grenier and loses puck.
8:30 of 3rd period - Penalty to Joe Piskula is over, Joe Piskula is back on ice.
8:54 of 3rd period - Joe Whitney is hit by Zach Sill and loses puck.
10:36 of 3rd period - Steven Delisle is hit by Kevin Lynch and loses puck.
10:47 of 3rd period - Josh Anderson is hit by Justin Shugg and loses puck.
13:37 of 3rd period - Snap shot by Joe Whitney.
13:37 of 3rd period - Shot Misses the Net.
14:15 of 3rd period - Snap shot by Andre Benoit.
14:15 of 3rd period - Shot Misses the Net.
14:17 of 3rd period - Slapshot by Andre Benoit.
14:17 of 3rd period - Shot Misses the Net.
14:19 of 3rd period - Slapshot by Matt Donovan.
14:19 of 3rd period - Deflect By Steven Delisle.
14:19 of 3rd period - Stopped by Jeff Malcolm with a rebound.
14:21 of 3rd period - Slapshot by Matt Donovan.
14:21 of 3rd period - Deflect By Alexandre Grenier.
14:21 of 3rd period - Stopped by Jeff Malcolm without a rebound.
14:22 of 3rd period - John Albert wins face-off versus Kevin Lynch in Stars zone.
14:22 of 3rd period - John Albert is hit by Scott Kosmachuk.
14:39 of 3rd period - Off-side.
14:40 of 3rd period - Joe Vitale wins face-off versus John Albert in neutral zone.
14:42 of 3rd period - Off-side.
14:43 of 3rd period - Zach Sill wins face-off versus Joe Vitale in neutral zone.
14:50 of 3rd period - Joakim Nordstrom is hit by Zach Sill and loses puck.
14:58 of 3rd period - Minor Penalty to Cameron Gaunce for Hooking.
14:59 of 3rd period - Colton Sissons wins face-off versus Zach Sill in Stars zone.
15:11 of 3rd period - Icing by Matt Donovan.
15:12 of 3rd period - Zach Sill wins face-off versus Colton Sissons in Wolves zone.
15:17 of 3rd period - Bruno Gervais is hit by Matt Donovan and loses puck.
15:39 of 3rd period - Slapshot by Andre Benoit.
15:39 of 3rd period - Stopped by Jeff Malcolm with a rebound.
15:57 of 3rd period - Steven Delisle is hit by Blair Jones and loses puck.
16:58 of 3rd period - Penalty to Cameron Gaunce is over, Cameron Gaunce is back on ice.
17:21 of 3rd period - Minor Penalty to Blair Jones for Roughing.
17:22 of 3rd period - Joe Vitale wins face-off versus Brandon Kozun in Wolves zone.
17:30 of 3rd period - Joe Vitale is hit by Brandon Kozun and loses puck.
17:41 of 3rd period - Wrist shot by Derrick Pouliot.
17:41 of 3rd period - Shot Misses the Net.
17:43 of 3rd period - Snap shot by Brandon Kozun.
17:43 of 3rd period - Goal by Brandon Kozun - Wolves : 1 - Stars : 2.
17:44 of 3rd period - Brandon Kozun wins face-off versus Colton Sissons in neutral zone.
18:11 of 3rd period - Slapshot by Matt Donovan.
18:11 of 3rd period - Deflect By John Albert.
18:11 of 3rd period - Stopped by Jeff Malcolm with a rebound.
18:13 of 3rd period - Slapshot by Colton Sissons.
18:13 of 3rd period - Stopped by Jeff Malcolm with a rebound.
18:17 of 3rd period - Wrist shot by Brian O'Neill.
18:17 of 3rd period - Stopped by Jeff Malcolm with a rebound.
18:19 of 3rd period - Wrist shot by Matt Donovan.
18:19 of 3rd period - Stopped by Jeff Malcolm without a rebound.
18:20 of 3rd period - Zach Sill wins face-off versus Chris Brown in Stars zone.
18:47 of 3rd period - Snap shot by Evan Rankin.
18:47 of 3rd period - Stopped by Jeff Malcolm with a rebound.
18:55 of 3rd period - Wrist shot by Evan Rankin.
18:55 of 3rd period - Shot Misses the Net.
18:57 of 3rd period - Backhand shot by Kevin Gagne.
18:57 of 3rd period - Shot Misses the Net.
19:31 of 3rd period - Slapshot by Zac Dalpe.
19:31 of 3rd period - Stopped by Jared Coreau with a rebound.
19:33 of 3rd period - Slapshot by Zac Dalpe.
19:33 of 3rd period - Deflect By Brad Malone.
19:33 of 3rd period - Stopped by Jared Coreau without a rebound.
19:34 of 3rd period - Kevin Dineen call a timeout for Wolves.
19:34 of 3rd period - Joe Vitale wins face-off versus John Albert in Wolves zone.
19:41 of 3rd period - Wolves, Jared Coreau is pulled from the net.
19:59 of 3rd period - Wrist shot by Joe Vitale.
19:59 of 3rd period - Goal by Joe Vitale - Wolves : 2 - Stars : 2.
19:59 of 3rd period - Jared Coreau from Wolves was sent back in the game.
Goals for this period are 1 for Wolves vs 2 for Stars.
Shots for this period are 9 for Wolves vs 6 for Stars.

Overtime #1


0:01 of 1st overtime period - Joe Vitale wins face-off versus Zach Sill in neutral zone.
0:16 of 1st overtime period - Slapshot by Joe Vitale.
0:16 of 1st overtime period - Shot Misses the Net.
0:47 of 1st overtime period - Slapshot by Matt Donovan.
0:47 of 1st overtime period - Shot Blocked by Zac Dalpe.
0:53 of 1st overtime period - Joe Vitale is hit by Zach Sill and loses puck.
1:40 of 1st overtime period - Snap shot by Brad Malone.
1:40 of 1st overtime period - Shot Blocked by Kevin Gagne.
1:42 of 1st overtime period - Wrist shot by Nick Jones.
1:42 of 1st overtime period - Shot Blocked by Joe Piskula.
1:44 of 1st overtime period - Backhand shot by Bruno Gervais.
1:44 of 1st overtime period - Shot Blocked by Kevin Gagne.
1:46 of 1st overtime period - Snap shot by Brad Malone.
1:46 of 1st overtime period - Shot Blocked by Chris Brown.
1:48 of 1st overtime period - Snap shot by Justin Shugg.
1:48 of 1st overtime period - Deflect By Brad Malone.
1:48 of 1st overtime period - Stopped by Jared Coreau with a rebound.
1:50 of 1st overtime period - Snap shot by Justin Shugg.
1:50 of 1st overtime period - Shot Blocked by Kevin Gagne.
1:52 of 1st overtime period - Wrist shot by Cameron Gaunce.
1:52 of 1st overtime period - Stopped by Jared Coreau with a rebound.
1:54 of 1st overtime period - Snap shot by Brad Malone.
1:54 of 1st overtime period - Stopped by Jared Coreau with a rebound.
1:58 of 1st overtime period - Snap shot by Brad Malone.
1:58 of 1st overtime period - Stopped by Jared Coreau with a rebound.
2:00 of 1st overtime period - Slapshot by Bruno Gervais.
2:00 of 1st overtime period - Shot Blocked by Joe Piskula.
2:02 of 1st overtime period - Slapshot by Cameron Gaunce.
2:02 of 1st overtime period - Stopped by Jared Coreau without a rebound.
2:03 of 1st overtime period - Chris Brown wins face-off versus Zach Sill in Wolves zone.
2:24 of 1st overtime period - Chris Brown is hit by Cameron Gaunce and loses puck.
2:52 of 1st overtime period - Nick Jones is hit by Kevin Gagne and loses puck.
Goals for this period are 0 for Wolves vs 0 for Stars.
Shots for this period are 0 for Wolves vs 5 for Stars.

ShootOut


5:00 of 1st overtime period - Penalty Shot by Joe Vitale for Wolves.
5:00 of 1st overtime period - Snap shot by Joe Vitale.
5:00 of 1st overtime period - Goal by Joe Vitale.
5:00 of 1st overtime period - Penalty Shot by John Albert for Stars.
5:00 of 1st overtime period - Deke by John Albert.
5:00 of 1st overtime period - Stopped by Jared Coreau.
5:00 of 1st overtime period - Penalty Shot by Joakim Nordstrom for Wolves.
5:00 of 1st overtime period - Snap shot by Joakim Nordstrom.
5:00 of 1st overtime period - Stopped by Jeff Malcolm.
5:00 of 1st overtime period - Penalty Shot by Brad Malone for Stars.
5:00 of 1st overtime period - Snap shot by Brad Malone.
5:00 of 1st overtime period - Goal by Brad Malone.
5:00 of 1st overtime period - Penalty Shot by Blair Jones for Wolves.
5:00 of 1st overtime period - Wrist shot by Blair Jones.
5:00 of 1st overtime period - Stopped by Jeff Malcolm.
5:00 of 1st overtime period - Penalty Shot by Zach Sill for Stars.
5:00 of 1st overtime period - Backhand shot by Zach Sill.
5:00 of 1st overtime period - Stopped by Jared Coreau.
5:00 of 1st overtime period - Penalty Shot by Colton Sissons for Wolves.
5:00 of 1st overtime period - Deke by Colton Sissons.
5:00 of 1st overtime period - Goal by Colton Sissons.
5:00 of 1st overtime period - Penalty Shot by Zac Dalpe for Stars.
5:00 of 1st overtime period - Snap shot by Zac Dalpe.
5:00 of 1st overtime period - Stopped by Jared Coreau.